 Dungeon Crawl Stone Soup version 0.17.1-3-g152610e (webtiles) character file.

303 inmateoo the Sneak (level 6, 0/24 HPs)
             Began as a Felid Wizard on Apr 24, 2016.
             Was a Follower of Lugonu.
             Slain by a killer bee (1 damage)
             ... on level 7 of the Dungeon.
             The game lasted 00:12:51 (5852 turns).

inmateoo the Sneak (Felid Wizard)                   Turns: 5852, Time: 00:12:51

Health: 0/24       AC:  3    Str:  4    XL:     6   Next: 15%
Magic:  2/13       EV: 20    Int: 19    God:    Lugonu [*.....]
Gold:   365        SH:  0    Dex: 16    Spells: 4 memorised, 6 levels left
                                        Lives:  0   Deaths: 2

rFire  . . .     SeeInvis +       - Unarmed
rCold  . . .     Clarity  .     (armour unavailable)
rNeg   . . .     SustAt   .     (shield unavailable)
rPois  .         Gourm    .     (helmet unavailable)
rElec  .         Spirit   .     (cloak unavailable)
rCorr  .         Warding  .     (gloves unavailable)
rMut   .         Stasis   .     (boots unavailable)
MR     .....                    f - amulet of regeneration
Stlth  ++++......               (no ring)
                                l - +1 ring of protection

@: lethally poisoned (0 -> -1), about to teleport, very slightly contaminated,
repel missiles, quick, not resistant to hostile enchantments, stealthy
A: no armour, no weapons or thrown items, claws 1, fangs 3, see invisible,
carnivore 3, speed 1, shaggy fur 2, slow metabolism 1, sharp paws
a: Depart the Abyss, Renounce Religion


You were on level 7 of the Dungeon.
You worshipped Lugonu.
Lugonu was aware of your devotion.
You were full.

You visited 2 branches of the dungeon, and saw 8 of its levels.

You collected 365 gold pieces.

Inventory:

Jewellery
 f - an amulet of regeneration (around neck)
 l - a +1 ring of protection (left paw)
 r - a +4 ring of strength {unknown}
 t - a cursed ring of loudness {unknown}
Wands
 j - a wand of fire (5)
Scrolls
 e - a scroll of magic mapping {unknown}
 h - 2 scrolls of identify
 i - 2 scrolls of amnesia
 k - 4 scrolls of remove curse
 m - a scroll of teleportation
 o - a scroll of enchant weapon {unknown}
Potions
 g - a potion of lignification {unknown}
 s - 2 potions of cure mutation
 u - a potion of cancellation
Books
 a - a book of Minor Magic

   Spells                             Type                      Level
   a - Magic Dart                     Conjuration                  1
   b - Blink                          Translocation                2
   c - Call Imp                       Summoning                    2
   d - Repel Missiles                 Charms/Air                   2
   e - Slow                           Hexes                        2
   f - Conjure Flame                  Conjuration/Fire             3
   g - Mephitic Cloud                 Conjuration/Poison/Air       3
 d - a book of Air

   Spells                             Type                      Level
   a - Shock                          Conjuration/Air              1
   b - Swiftness                      Charms/Air                   2
   c - Repel Missiles                 Charms/Air                   2
   d - Static Discharge               Conjuration/Air              3
   e - Lightning Bolt                 Conjuration/Air              5
 w - a book of Necromancy

   Spells                             Type                      Level
   a - Pain                           Necromancy                   1
   b - Animate Skeleton               Necromancy                   1
   c - Vampiric Draining              Necromancy                   3
   d - Regeneration                   Charms/Necromancy            3
   e - Animate Dead                   Necromancy                   4
   f - Control Undead                 Necromancy                   4
Comestibles
 b - 5 meat rations
 c - a beef jerky
 n - a royal jelly
 p - a chunk of flesh


   Skills:
 + Level 5.2 Dodging
 + Level 5.8 Stealth
 * Level 4.5 Unarmed Combat
 + Level 4.3 Spellcasting
 + Level 3.5 Conjurations
 - Level 1.0 Summonings
 - Level 1.5 Translocations
 + Level 1.0 Invocations


You had 6 spell levels left.
You knew the following spells:

 Your Spells              Type           Power        Failure   Level  Hunger
a - Magic Dart            Conj           ###.         3%          1    None
b - Call Imp              Summ           #.......     14%         2    #......
c - Blink                 Tloc           N/A          12%         2    #......
d - Repel Missiles        Chrm/Air       #.....       21%         2    #......


Dungeon Overview and Level Annotations

Branches:
Dungeon (7/15)             Temple (1/1) D:6

Altars:
Cheibriados
Dithmenos
Elyvilon
Fedhas
Gozag
Makhleb
Nemelex Xobeh
Okawaru
Qazlal
Ru
Trog
Vehumet
Xom
Yredelemnul
Zin
The Shining One
Lugonu


Innate Abilities, Weirdness & Mutations

You cannot wear armour.
You are incapable of wielding weapons or throwing items.
You have sharp claws.
You have razor-sharp teeth.
You have supernaturally acute eyesight.
You are carnivorous and can eat meat at any time.
You cover ground quickly.
You are covered in thick fur (AC +2).
You have a slow metabolism.
Your sharp claws are effective at attacking unaware monsters.


Message History

The killer bee stings you. The killer bee misses you.
Unknown command.
Unknown command.
The giant frog misses you. The giant frog barely misses you.
The killer bee closely misses you.
Unknown command.
The giant frog hits you. The killer bee stings you!
* * * LOW HITPOINT WARNING * * *
You are lethally poisoned!
The killer bee poisons you!
Unknown command.
Casting: Call Imp
Confirm with . or Enter, or press ? or * to list all spells.
You miscast Blink.
You catch a glimpse of the back of your own head.
* * * LOW HITPOINT WARNING * * *
You feel sick. The killer bee barely misses you.
The killer bee barely misses you. The giant frog misses you.
The killer bee stings you.
You die...

#....######.####...##..#...#
...##.....).............#.######
......###...[..................#
.#.######...............######..
.#.#####.[..............# #
................5.......# ..
...#####................# #. ...
#).....÷F........########. ...
#...y.yyy@.......##....... .#.
....#.....y......)..........
##[.###.....#.....##.........
#..> ##############.........
#.## .# ###.......... #.
...#######............ .
#.........##.........
##.....######........ .##.....#
##.......


You could see a giant frog, 5 killer bees and a friendly crimson imp.

Vanquished Creatures
  A black bear (D:6)
  An ogre (D:4)
  A water moccasin skeleton (D:4)
  A giant frog zombie (D:7)
  3 crimson imps (D:5)
  A jelly (D:5)
  2 giant frog skeletons
  An orc priest (D:7)
  Ijyb (D:2)
  2 worker ants (D:5)
  3 orc wizards
  7 adders
  A shadow imp (D:6)
  2 oozes
  An adder zombie (D:5)
  2 worms
  5 orcs
  3 giant cockroaches
  3 hobgoblins (D:3)
  A ball python (D:2)
  9 bats
  3 giant geckos
  A giant gecko skeleton (D:7)
  2 giant newts
  7 goblins
  A jackal zombie (D:5)
  4 kobolds
  A quokka (D:7)
  9 rats
79 creatures vanquished.

Vanquished Creatures (collateral kills)
  An ogre (D:5)
  A big kobold (D:5)
  A centaur skeleton (D:5)
  An orc priest (D:5)
  An iguana (D:4)
  A worker ant (D:4)
  2 adders
  A worm (D:2)
  6 orcs
  A hobgoblin (D:2)
  2 kobolds (D:5)
  A quokka (D:5)
19 creatures vanquished.

Grand Total: 98 creatures vanquished

Notes
Turn   | Place    | Note
--------------------------------------------------------------
     0 | D:1      | inmateoo the Felid Wizard began the quest for the Orb.
     0 | D:1      | Reached XP level 1. HP: 7/7 MP: 5/5
    87 | D:1      | Reached skill level 1 in Conjurations
   674 | D:1      | Reached XP level 2. HP: 7/11 MP: 0/7
   804 | D:1      | Learned a level 2 spell: Call Imp
  1444 | D:2      | Reached skill level 1 in Unarmed Combat
  1475 | D:2      | Reached XP level 3. HP: 1/14 MP: 0/8
  1886 | D:2      | Noticed Ijyb
  2034 | D:2      | Killed Ijyb
  2212 | D:2      | Learned a level 2 spell: Blink
  2215 | D:2      | Learned a level 2 spell: Repel Missiles
  2285 | D:2      | Reached XP level 4. HP: 18/18 MP: 2/9
  2646 | D:3      | Noticed a moth of wrath
  2921 | D:3      | Found a bloodstained altar of Trog.
  3147 | D:3      | Found a sacrificial altar of Ru.
  3233 | D:4      | Noticed an angel
  3236 | D:4      | Found a glowing silver altar of Zin.
  3237 | D:4      | Found a shimmering altar of Xom.
  3459 | D:4      | Reached skill level 4 in Stealth
  3726 | D:4      | Noticed an ogre
  3785 | D:4      | Killed an ogre
  3785 | D:4      | Reached XP level 5. HP: 21/21 MP: 0/11
  3972 | D:5      | Entered Level 5 of the Dungeon
  4242 | D:5      | Gained mutation: You are covered in thick fur (AC +2). [Felid growth]
  4242 | D:5      | Reached XP level 6. HP: 18/24 MP: 3/12
  4500 | D:5      | Found an opulent altar of Gozag.
  4562 | D:5      | Reached skill level 5 in Stealth
  4758 | D:5      | Noticed an ogre
  4769 | D:5      | Killed an ogre
  4769 | D:5      | Reached XP level 7. HP: 27/27 MP: 10/13
  5067 | D:6      | Found a staircase to the Ecumenical Temple.
  5076 | Temple   | Entered the Ecumenical Temple
  5090 | Temple   | Became a worshipper of Lugonu the Unformed
  5090 | Temple   | Reached * piety under Lugonu
  5489 | D:6      | Found a glowing golden altar of the Shining One.
  5518 | D:6      | Shot with an arrow by a centaur
  5519 | D:6      | Reached XP level 6. HP: -2/24 MP: 7/13
  5519 | D:6      | Found a burning altar of Makhleb.
  5519 | D:6      | Found a radiant altar of Vehumet.
  5519 | D:6      | Found a blossoming altar of Fedhas.
  5594 | D:7      | Reached skill level 5 in Dodging
  5602 | D:7      | Noticed a green ugly thing
  5681 | D:7      | HP: 1/24 [poisoned by a green ugly thing]
  5698 | D:7      | Slain by a green ugly thing
  5699 | D:7      | Reached XP level 5. HP: -2/21 MP: 0/12
  5766 | D:7      | HP: 1/21 [killer bee (6)]
  5778 | D:7      | HP: 1/21 [killer bee (6)]
  5808 | D:7      | Reached XP level 6. HP: 24/24 MP: 5/13
  5811 | D:7      | Reached skill level 1 in Invocations
  5851 | D:7      | HP: 1/24 [killer bee (9)]
  5852 | D:7      | Slain by a killer bee

Action                   |  1- 3 |  4- 6 |  7- 9 || total
-------------------------+-------+-------+-------++-------
Melee: Unarmed           |    39 |   140 |    54 ||   233
 Cast: Magic Dart        |    70 |    57 |       ||   127
       Call Imp          |     3 |    50 |    15 ||    68
       Repel Missiles    |     1 |     1 |       ||     2
       Blink             |       |     4 |       ||     4
Evoke: Wand              |       |     2 |       ||     2
  Use: Potion            |       |     4 |       ||     4
       Scroll            |       |    13 |       ||    13
 Stab: Sleeping          |       |     6 |     2 ||     8
       Invisible         |       |     4 |       ||     4
       Distracted        |       |     1 |     2 ||     3
  Eat: Chunk             |    10 |    10 |     3 ||    23
